[Event "Wednesday Night Engine Tour 13 Rd Swiss 3m+1s Starts at 2200hrs ST"]
[Site "Infinity Chess"]
[Date "2018.1.10"]
[Round "5"]
[White "Cepri"]
[Black "Victorious"]
[Result "1/2-1/2"]
[ECO "C50"]
[WhiteElo "2486"]
[BlackElo "2563"]
[WhiteEngine "Raubfisch X37b_CTG"]
[BlackEngine "Houdini 6"]
[EventType "Swiss"]
[WhiteTeam ""]
[BlackTeam ""]
[PlyCount "134"]
[TimeControl "180+1"]

1. e4 e5 2. Nf3 Nc6 3. Bc4 Bc5 4. O-O Nf6 5. d3 d6 6. c3 a5 7. a4 O-O 8. Bg5 h6 
9. Bh4 g5 10. Bg3 Kg7 11. Na3 Ne7 12. Re1 Ng6 13. Nc2 Bb6 14. d4 Nxe4 
15. Rxe4 f5 16. Re1 f4 17. Bd3 g4 18. Nd2 fxg3 19. fxg3 Qg5 20. Kh1 Be6 
21. c4 c6 22. Ne4 Qe7 23. Nc3 exd4 24. Nd5 cxd5 25. cxd5 Ne5 26. dxe6 Qxe6 
27. Bb5 d3 28. Bxd3 Rf2 29. Be4 Raf8 30. Bd5 Qf5 31. Nd4 Bxd4 32. Qxd4 Qd3 
33. Qxd3 Nxd3 34. Re7+ Kf6 35. Re6+ Kg7 36. Kg1 Rxb2 37. Rxd6 Nc5 38. Rd1 Re8 
39. Bc4 Rb4 40. Bb5 Re7 41. Rc1 Nxa4 42. Bd3 Nb2 43. Bb1 Nc4 44. Rg6+ Kf8 
45. Rxg4 b5 46. Bd3 a4 47. Bxc4 bxc4 48. Rgxc4 Rxc4 49. Rxc4 Ra7 50. Rc1 a3 
51. Kf1 Rb7 52. Rc8+ Ke7 53. Ra8 Rb3 54. g4 Kd6 55. h4 Rc3 56. Ra5 Kc6 
57. h5 Rc1+ 58. Kf2 Rc2+ 59. Kg3 Rc3+ 60. Kh2 Kb6 61. Ra8 Kb5 62. g5 hxg5 
63. h6 Rc6 64. Rxa3 Rxh6+ 65. Rh3 Re6 66. Kg3 Re4 67. Rh5 Kc5 1/2-1/2

[Event "Wednesday Night Engine Tour 13 Rd Swiss 3m+1s Starts at 2200hrs ST"]
[Site "Infinity Chess"]
[Date "2018.1.10"]
[Round "5"]
[White "incredible"]
[Black "KULLANI"]
[Result "1/2-1/2 "]
[ECO "C65"]
[WhiteElo "2504"]
[BlackElo "2503"]
[WhiteEngine "stockfish_18010422_x64_bmi2"]
[BlackEngine "BrainFish_180106_x64_CTG"]
[EventType "Swiss"]
[WhiteTeam ""]
[BlackTeam ""]
[PlyCount "199"]
[TimeControl "180+1"]

1. e4 e5 2. Nf3 Nc6 3. Bb5 Nf6 4. O-O Nxe4 5. d4 Nd6 6. Bxc6 dxc6 7. dxe5 Nf5 
8. Qxd8+ Kxd8 9. Nc3 Bd7 10. Rd1 Kc8 11. Ng5 Be8 12. e6 f6 13. Nge4 b6 
14. f3 Kb7 15. Kf2 Be7 16. a4 a5 17. b3 Nd6 18. Ba3 c5 19. Ng3 Bg6 20. Nd5 Rae8 
21. Rd2 Nc8 22. Nxe7 Nxe7 23. Re1 Rd8 24. Ree2 Rxd2 25. Rxd2 Kc8 26. h4 Rd8 
27. Ke1 Rd6 28. Re2 h5 29. Bc1 Rd8 30. c3 Rd3 31. Re3 Rd6 32. c4 Kd8 33. Re2 Nc6 
34. Bf4 Rd3 35. Rd2 Rxd2 36. Kxd2 Nd4 37. Ne2 Nxe6 38. Be3 Bf7 39. Kc3 Ke8 
40. Nf4 Nd8 41. g4 hxg4 42. fxg4 Kd7 43. Kd3 Be8 44. Nd5 Ne6 45. Nf4 Nd8 
46. Nd5 Bf7 47. Nf4 Nb7 48. Bc1 Nd6 49. Bb2 g5 50. hxg5 fxg5 51. Nh3 Be6 
52. Nxg5 Bxg4 53. Be5 Bf5+ 54. Kc3 Kc6 55. Nf3 Ne4+ 56. Kb2 Bg4 57. Nh4 Kd7 
58. Ng2 Bf3 59. Ne3 Nd6 60. Bf4 Ne8 61. Kc3 Nf6 62. Be5 Ne4+ 63. Kb2 Nd6 
64. Bf4 Bh5 65. Bh2 Bf7 66. Bf4 Ne8 67. Kc3 Be6 68. Nf1 Kc6 69. Nd2 Bh3 
70. Nf3 Kd7 71. Kd3 Nd6 72. Kc3 Bg2 73. Ne5+ Ke6 74. Ng4 Bf3 75. Ne3 Be4 
76. Kb2 Bc6 77. Kc3 Be4 78. Kb2 Ke7 79. Bg5+ Kd7 80. Bf4 Bh7 81. Bh2 Be4 
82. Bg3 Bc6 83. Be5 Ke6 84. Bh2 Bf3 85. Bg3 Bh1 86. Bf4 Bb7 87. Kc2 Ke7 
88. Nd5+ Kd7 89. Kc3 Bc8 90. Be3 Bb7 91. Bf4 Bc8 92. Bh2 Kc6 93. Ne7+ Kb7 
94. Bxd6 cxd6 95. Nxc8 Kxc8 96. Kd3 Kb7 97. Ke2 Ka7 98. Ke3 Ka6 99. Kd2 Ka7 
100. Ke2 1/2-1/2

[Event "Wednesday Night Engine Tour 13 Rd Swiss 3m+1s Starts at 2200hrs ST"]
[Site "Infinity Chess"]
[Date "2018.1.10"]
[Round "5"]
[White "MarioDeMonti"]
[Black "Vimtiroba"]
[Result "1/2-1/2"]
[ECO "C50"]
[WhiteElo "2507"]
[BlackElo "2513"]
[WhiteEngine "stockfish_x64_bmi2_2017_12_26_CTG"]
[BlackEngine "Asmfish@ Seahorse_CTG"]
[EventType "Swiss"]
[WhiteTeam ""]
[BlackTeam ""]
[PlyCount "105"]
[TimeControl "180+1"]

1. e4 e5 2. Nf3 Nc6 3. Bc4 Bc5 4. O-O Nf6 5. d3 d6 6. c3 a5 7. Re1 O-O 8. h3 h6 
9. Nbd2 Be6 10. a4 Ba7 11. b3 d5 12. exd5 Nxd5 13. Ne4 Re8 14. Bd2 Nf6 
15. Qe2 Nxe4 16. Qxe4 Qf6 17. g4 Rad8 18. Rab1 Qe7 19. Be3 Bxe3 20. Rxe3 Qd7 
21. g5 Bd5 22. Bxd5 Qxd5 23. Qxd5 Rxd5 24. gxh6 Red8 25. hxg7 Rxd3 26. Nxe5 Nxe5 
27. Rxe5 Rxh3 28. Rc5 Rd7 29. Rxa5 Rxc3 30. b4 Kxg7 31. Rg5+ Kf6 32. Rb5 c6 
33. Rb6 Ra3 34. a5 Kg5 35. Rc1 Kf4 36. b5 Rxa5 37. bxc6 bxc6 38. Rbxc6 Rf5 
39. Kg2 Rg5+ 40. Kf1 Ra5 41. Re1 Kg5 42. Kg1 Kf5 43. Rc2 Kf4 44. f3 Rd3 
45. Rc4+ Kg5 46. Rg4+ Kf6 47. Rf4+ Kg6 48. Kf2 Rg5 49. Rg1 Rxg1 50. Kxg1 Kg5 
51. Rg4+ Kf6 52. Rf4+ Ke5 53. Rxf7 1/2-1/2

[Event "Wednesday Night Engine Tour 13 Rd Swiss 3m+1s Starts at 2200hrs ST"]
[Site "Infinity Chess"]
[Date "2018.1.10"]
[Round "5"]
[White "ocirema"]
[Black "SkyPilot"]
[Result "1/2-1/2"]
[ECO "C55"]
[WhiteElo "2503"]
[BlackElo "2559"]
[WhiteEngine "stockfish_18010422_x64_modern_CTG"]
[BlackEngine "stockfish_x64_bmi2_2018_01_01_CTG"]
[EventType "Swiss"]
[WhiteTeam ""]
[BlackTeam ""]
[PlyCount "94"]
[TimeControl "180+1"]

1. e4 e5 2. Nf3 Nc6 3. Bc4 Nf6 4. d3 Bc5 5. O-O d6 6. c3 O-O 7. h3 a5 8. Nbd2 h6 
9. Re1 Be6 10. Bb5 Qb8 11. Nf1 Qa7 12. Re2 a4 13. Ng3 Qa5 14. Bxc6 bxc6 
15. Nh4 Rfe8 16. Re1 d5 17. exd5 cxd5 18. Rxe5 Bf8 19. Qc2 c5 20. Bd2 Nd7 
21. Re3 Rab8 22. Rae1 c4 23. d4 a3 24. bxa3 Nf6 25. Bc1 Rb6 26. R3e2 Reb8 
27. Ng6 Bd6 28. Ne5 Bxa3 29. f4 Bf8 30. f5 Bc8 31. Qd2 Ra6 32. Ng4 Bd7 
33. Nxf6+ Rxf6 34. Rf2 Rb1 35. Qc2 Rfb6 36. Ref1 Ba4 37. Qd2 Bd7 38. Qe3 Ra1 
39. Nh5 Rbb1 40. Qg3 Qb6 41. Nxg7 Kh8 42. Ne6 Bxe6 43. fxe6 Rxc1 44. Qe5+ Kg8 
45. Qg3+ Kh8 46. Qe5+ Kg8 47. Qg3+ Kh8 1/2-1/2

[Event "Wednesday Night Engine Tour 13 Rd Swiss 3m+1s Starts at 2200hrs ST"]
[Site "Infinity Chess"]
[Date "2018.1.10"]
[Round "5"]
[White "xeonrocks"]
[Black "BlitzMaster"]
[Result "1/2-1/2"]
[ECO "C50"]
[WhiteElo "2605"]
[BlackElo "2568"]
[WhiteEngine "asmFishW_CTG"]
[BlackEngine "stockfish_18010422_x64_modern_CTG"]
[EventType "Swiss"]
[WhiteTeam ""]
[BlackTeam ""]
[PlyCount "111"]
[TimeControl "180+1"]

1. e4 e5 2. Nf3 Nc6 3. Bc4 Bc5 4. O-O Nf6 5. d3 d6 6. c3 a5 7. Re1 O-O 8. Bg5 h6 
9. Bh4 Ba7 10. Nbd2 g5 11. Bg3 Nh7 12. h3 h5 13. Nf1 h4 14. Bh2 g4 15. hxg4 Bxg4 
16. Ne3 Bxe3 17. Rxe3 Ng5 18. Kh1 Qf6 19. Qg1 Ne6 20. d4 Nf4 21. Bxf4 exf4 
22. Ree1 Kg7 23. e5 Qg6 24. Qh2 h3 25. Qxf4 hxg2+ 26. Kg1 Bxf3 27. Qxf3 dxe5 
28. dxe5 Rae8 29. e6 fxe6 30. Qg3 Qxg3 31. fxg3 Kf6 32. Kxg2 Ne5 33. Re4 Nxc4 
34. Rxc4 c6 35. Rh1 e5 36. Rh6+ Kg7 37. Rh5 e4 38. Rh4 e3 39. Rcg4+ Kf6 
40. Kf1 Ke6+ 41. Ke2 Rf2+ 42. Kxe3 Rxb2 43. Re4+ Kd7 44. Rh7+ Kd8 45. Rxe8+ Kxe8 
46. a3 b5 47. a4 bxa4 48. Ra7 Rb5 49. c4 Rb1 50. g4 Rg1 51. Rxa5 a3 52. Ra6 Rxg4 
53. Rxc6 Kd7 54. Rc5 a2 55. Ra5 a1=Q 56. Rxa1 1/2-1/2

[Event "Wednesday Night Engine Tour 13 Rd Swiss 3m+1s Starts at 2200hrs ST"]
[Site "Infinity Chess"]
[Date "2018.1.10"]
[Round "4"]
[White "MiKachomiKa QueeN"]
[Black "koalachess"]
[Result "1/2-1/2"]
[ECO "C11"]
[WhiteElo "2473"]
[BlackElo "2319"]
[WhiteEngine "Raubfisch X37b1_CTG"]
[BlackEngine "asmFishW_2017-11-19_popcnt_CTG"]
[EventType "Swiss"]
[WhiteTeam ""]
[BlackTeam ""]
[PlyCount "137"]
[TimeControl "180+1"]

1. e4 e6 2. d4 d5 3. Nc3 Nf6 4. e5 Nfd7 5. f4 c5 6. Nf3 Nc6 7. Be3 Qb6 
8. a3 cxd4 9. Nxd4 Bc5 10. Na4 Qa5+ 11. Nc3 Qb6 12. Ncb5 Nxd4 13. Bxd4 O-O 
14. b4 Bxd4 15. Qxd4 a5 16. Rb1 Qxd4 17. Nxd4 axb4 18. axb4 Nb6 19. Bd3 f6 
20. O-O fxe5 21. fxe5 Rxf1+ 22. Rxf1 Nc4 23. Bxc4 dxc4 24. Rd1 Bd7 25. Nf5 exf5 
26. Rxd7 b5 27. e6 Re8 28. Rd6 Kf8 29. Rd5 Rxe6 30. Kf2 g6 31. Rxb5 c3 
32. Rc5 Re4 33. b5 Rb4 34. Ke2 Ke7 35. Kd3 Kd6 36. Rc6+ Kd5 37. Rc7 Rxb5 
38. Rxh7 Ke6 39. Rg7 Kf6 40. Rd7 f4 41. Rd6+ Kf5 42. Kxc3 g5 43. h3 Rb8 
44. Rd5+ Kf6 45. Rd2 Kf5 46. Rd5+ Kf6 47. Kd3 Re8 48. c4 Re3+ 49. Kc2 Re2+ 
50. Rd2 Re3 51. Rd6+ Ke7 52. Rd5 Re2+ 53. Rd2 Re3 54. Rf2 Kd6 55. Rd2+ Kc6 
56. Rd3 Re2+ 57. Rd2 Re3 58. Kd1 Rg3 59. Ke1 Kc5 60. Rd5+ Kxc4 61. Rd2 f3 
62. gxf3 Rxf3 63. Rd8 Re3+ 64. Kf2 Rxh3 65. Kg2 g4 66. Kf2 Kc5 67. Kg2 Rc3 
68. Rg8 Kd4 69. Rxg4+ 1/2-1/2

[Event "Wednesday Night Engine Tour 13 Rd Swiss 3m+1s Starts at 2200hrs ST"]
[Site "Infinity Chess"]
[Date "2018.1.10"]
[Round "4"]
[White "Dovahkiin"]
[Black "MGR"]
[Result "1/2-1/2"]
[ECO "D10"]
[WhiteElo "2432"]
[BlackElo "2502"]
[WhiteEngine "BrainFish_180106_x64_modern_CTG"]
[BlackEngine "asmFishW_2017-11-19_bmi2"]
[EventType "Swiss"]
[WhiteTeam ""]
[BlackTeam ""]
[PlyCount "49"]
[TimeControl "180+1"]

1. d4 d5 2. c4 c6 3. Nc3 e6 4. Nf3 Nf6 5. Bg5 dxc4 6. e4 b5 7. e5 h6 8. Bh4 g5 
9. Nxg5 hxg5 10. Bxg5 Nbd7 11. exf6 Bb7 12. h4 Qa5 13. Be2 O-O-O 14. O-O Ne5 
15. Qc1 Nd3 16. Bxd3 cxd3 17. Qe3 Qb4 18. d5 Bh6 19. dxe6 Bxg5 20. hxg5 Qh4 
21. f3 Qh2+ 22. Kf2 Qh4+ 23. Kg1 Qh1+ 24. Kf2 Qh4+ 25. Kg1 1/2-1/2

[Event "Wednesday Night Engine Tour 13 Rd Swiss 3m+1s Starts at 2200hrs ST"]
[Site "Infinity Chess"]
[Date "2018.1.10"]
[Round "4"]
[White "RonWeasley"]
[Black "CrossingJordan"]
[Result "1/2-1/2"]
[ECO "A00"]
[WhiteElo "2478"]
[BlackElo "2482"]
[WhiteEngine "BrainFish 060118_CTG"]
[BlackEngine "asmFishW_2017-12-20_bmi2_CTG"]
[EventType "Swiss"]
[WhiteTeam ""]
[BlackTeam ""]
[PlyCount "67"]
[TimeControl "180+1"]

1. a3 c5 2. e3 Nc6 3. d4 cxd4 4. exd4 d5 5. Be3 Nf6 6. Nf3 Bf5 7. Bd3 Bxd3 
8. Qxd3 e6 9. O-O Be7 10. Nbd2 O-O 11. c3 h6 12. Bf4 Nh5 13. Be5 a6 14. Rfe1 Rc8 
15. Qe3 Qb6 16. Rab1 Nf6 17. Bf4 Qb5 18. h3 Rfd8 19. Ne5 Nxe5 20. Bxe5 Ne8 
21. Nf3 a5 22. Bh2 Nd6 23. Ne5 Qe8 24. Nd3 Qc6 25. Ne5 Qe8 26. Qe2 b5 
27. Nd3 Qc6 28. Ra1 Qb6 29. Bf4 Nf5 30. Ne5 Bf6 31. Ng4 Be7 32. Ne5 Bf6 
33. Ng4 Be7 34. Ne5 1/2-1/2

[Event "Wednesday Night Engine Tour 13 Rd Swiss 3m+1s Starts at 2200hrs ST"]
[Site "Infinity Chess"]
[Date "2018.1.10"]
[Round "4"]
[White "Cepri"]
[Black "KillBill2017"]
[Result "1/2-1/2"]
[ECO "C55"]
[WhiteElo "2486"]
[BlackElo "2481"]
[WhiteEngine "Raubfisch X37b_CTG"]
[BlackEngine "Raubfisch X37b1._CTG"]
[EventType "Swiss"]
[WhiteTeam ""]
[BlackTeam ""]
[PlyCount "90"]
[TimeControl "180+1"]

1. e4 e5 2. Nf3 Nc6 3. Bc4 Nf6 4. d3 Bc5 5. c3 O-O 6. O-O d6 7. Nbd2 a6 
8. a4 Ba7 9. h3 Ne7 10. Re1 Ng6 11. d4 h6 12. b4 Re8 13. b5 Be6 14. bxa6 bxa6 
15. Bd3 Qc8 16. Nc4 Bxc4 17. Bxc4 c6 18. Qb3 Qc7 19. Bxa6 d5 20. exd5 e4 
21. d6 Qxd6 22. Bc4 Nd5 23. Nd2 e3 24. Nf3 exf2+ 25. Kxf2 Rxe1 26. Kxe1 Rb8 
27. Qc2 Qf6 28. Bxd5 cxd5 29. Qd3 Nh4 30. Nxh4 Qxh4+ 31. Kd1 Qf2 32. Qf3 Qg1+ 
33. Kc2 Rc8 34. Kd2 Qh2 35. Ba3 Qb8 36. Re1 Qb3 37. Re7 Kh8 38. Rxa7 Qxa3 
39. Rxf7 Qb2+ 40. Kd1 Qb1+ 41. Kd2 Qa2+ 42. Kd1 Qb1+ 43. Kd2 Qa2+ 44. Kc1 Qa1+ 
45. Kd2 Qa2+ 1/2-1/2

[Event "Wednesday Night Engine Tour 13 Rd Swiss 3m+1s Starts at 2200hrs ST"]
[Site "Infinity Chess"]
[Date "2018.1.10"]
[Round "4"]
[White "KULLANI"]
[Black "MarioDeMonti"]
[Result "1/2-1/2"]
[ECO "B90"]
[WhiteElo "2503"]
[BlackElo "2507"]
[WhiteEngine "BrainFish_180106_x64_CTG"]
[BlackEngine "stockfish_x64_bmi2_2017_12_26_CTG"]
[EventType "Swiss"]
[WhiteTeam ""]
[BlackTeam ""]
[PlyCount "104"]
[TimeControl "180+1"]

1. e4 c5 2. Nf3 d6 3. d4 cxd4 4. Nxd4 Nf6 5. Nc3 a6 6. Be3 e5 7. Nb3 Be6 
8. f3 h5 9. Qd2 Nbd7 10. Nd5 Bxd5 11. exd5 g6 12. Be2 Bg7 13. O-O b6 14. c4 O-O 
15. Rae1 Re8 16. Bf2 Qc7 17. Bd3 Kh7 18. a4 Bh6 19. Qd1 Nc5 20. Nxc5 bxc5 
21. Bh4 Kg7 22. Re2 Nh7 23. Be1 Rab8 24. Bc3 Kg8 25. a5 Qd7 26. Bc2 Rf8 
27. Ba4 Qa7 28. Qa1 f5 29. Qa3 h4 30. Kh1 Nf6 31. Be1 Qh7 32. Bxh4 Rb4 
33. Bc2 Rxc4 34. Bxf6 Rxf6 35. Qd3 Rh4 36. g3 c4 37. Qc3 Rd4 38. Rd1 Qa7 
39. b3 Rxd1+ 40. Bxd1 cxb3 41. Qxb3 Qd4 42. Ra2 Bd2 43. Qb6 Qd3 44. Kg2 e4 
45. f4 Bb4 46. Qb8+ Rf8 47. Qxb4 Qxd1 48. Qxd6 Qf3+ 49. Kh3 Qh5+ 50. Kg2 Qf3+ 
51. Kh3 Qh5+ 52. Kg2 Qf3+ 1/2-1/2

[Event "Wednesday Night Engine Tour 13 Rd Swiss 3m+1s Starts at 2200hrs ST"]
[Site "Infinity Chess"]
[Date "2018.1.10"]
[Round "4"]
[White "BlitzMaster"]
[Black "KRAKEN"]
[Result "1-0 "]
[ECO "C55"]
[WhiteElo "2551"]
[BlackElo "2572"]
[WhiteEngine "stockfish_18010422_x64_modern_CTG"]
[BlackEngine "Raubfisch X37b1._zag_CTG"]
[EventType "Swiss"]
[WhiteTeam ""]
[BlackTeam ""]
[PlyCount "176"]
[TimeControl "180+1"]

1. e4 e5 2. Nf3 Nc6 3. Bc4 Nf6 4. d3 Bc5 5. O-O d6 6. c3 O-O 7. h3 a6 8. Re1 Ba7 
9. a4 h6 10. Nbd2 Nh5 11. Nf1 Qf6 12. N1h2 Qg6 13. g4 Be6 14. Bb3 Nf6 
15. Nh4 Qh7 16. Bc2 g6 17. Qf3 Qg7 18. Kh1 Kh8 19. Rg1 Ng8 20. Be3 Bxe3 
21. fxe3 f6 22. d4 Bd7 23. Qg3 Nge7 24. a5 Rae8 25. b4 Nd8 26. N2f3 Nf7 
27. Nd2 Ng5 28. Rg2 Qh7 29. Rf1 Bb5 30. c4 Bd7 31. d5 Rb8 32. Nhf3 Nxf3 
33. Qxf3 b6 34. axb6 Rxb6 35. Rb1 Rb7 36. c5 Bb5 37. Qd1 Qg8 38. Kh2 Kg7 
39. Nb3 Rbb8 40. Bd3 Rfc8 41. Na5 Qe8 42. Bxb5 Qxb5 43. Rgb2 Rf8 44. Rc1 Rfc8 
45. Qf3 Qd7 46. c6 Qe8 47. Nb7 Qf7 48. Ra1 f5 49. gxf5 gxf5 50. Rxa6 Rg8 
51. b5 fxe4 52. Rg2+ Kf8 53. Qxf7+ Kxf7 54. Rd2 Nc8 55. b6 cxb6 56. Raa2 Ke7 
57. Rdb2 h5 58. Rb4 Kf6 59. Rxe4 Rg7 60. Rf2+ Ke7 61. Ra4 b5 62. Ra5 b4 
63. Rb5 Ra8 64. Na5 Ke8 65. Nc4 Rf7 66. Rg2 Kf8 67. Rxb4 h4 68. Rb7 e4 
69. Nd2 Re7 70. Nb3 Rxb7 71. cxb7 Rb8 72. bxc8=Q+ Rxc8 73. Rf2+ Kg7 74. Rf4 Rc2+ 
75. Kg1 Rb2 76. Nd4 Rb1+ 77. Kf2 Rb2+ 78. Ke1 Ra2 79. Nf5+ Kf6 80. Nxh4+ Kg7 
81. Rxe4 Ra5 82. Nf5+ Kf8 83. Nd4 Kf7 84. Re7+ Kg8 85. e4 Kf8 86. Re6 Ra1+ 
87. Kf2 Ra3 88. Nf5 Rxh3 1-0

[Event "Wednesday Night Engine Tour 13 Rd Swiss 3m+1s Starts at 2200hrs ST"]
[Site "Infinity Chess"]
[Date "2018.1.10"]
[Round "4"]
[White "Victorious"]
[Black "ocirema"]
[Result "1/2-1/2"]
[ECO "C50"]
[WhiteElo "2566"]
[BlackElo "2500"]
[WhiteEngine "Houdini 6"]
[BlackEngine "stockfish_18010422_x64_modern_CTG"]
[EventType "Swiss"]
[WhiteTeam ""]
[BlackTeam ""]
[PlyCount "108"]
[TimeControl "180+1"]

1. e4 e5 2. Nf3 Nc6 3. Bc4 Bc5 4. O-O Nf6 5. d3 d6 6. a4 a5 7. Re1 Be6 
8. Bxe6 fxe6 9. c3 Qd7 10. Na3 O-O 11. Qb3 h6 12. Be3 Bxe3 13. Rxe3 b6 
14. Nc4 Rf7 15. d4 exd4 16. Nxd4 e5 17. Nxc6 Qxc6 18. f3 Rb8 19. Ree1 Nh5 
20. Kh1 Qe8 21. Qb5 Qc8 22. Ne3 Ra8 23. b4 Nf4 24. Red1 Kh7 25. Qc6 Ne6 
26. Kg1 Rf8 27. Nd5 Rf7 28. Rf1 Qd8 29. f4 exf4 30. e5 Rb8 31. exd6 Qxd6 
32. Qxd6 cxd6 33. Rae1 Rf5 34. Ne7 Rf6 35. Re4 Nc7 36. Rexf4 Rxf4 37. Rxf4 axb4 
38. cxb4 Ra8 39. Rc4 Ne6 40. Rc6 Rxa4 41. Rxd6 Nf4 42. Rxb6 Ra2 43. g3 Nh3+ 
44. Kf1 Rxh2 45. Rb7 Rf2+ 46. Ke1 Rb2 47. Nf5 Kg6 48. Nxg7 Nf2 49. Ne6 Nd3+ 
50. Kf1 Kf5 51. Rb6 Nxb4 52. Nd4+ Kg4 53. Rxh6 Kxg3 54. Rg6+ Kf4 1/2-1/2

[Event "Wednesday Night Engine Tour 13 Rd Swiss 3m+1s Starts at 2200hrs ST"]
[Site "Infinity Chess"]
[Date "2018.1.10"]
[Round "4"]
[White "SkyPilot"]
[Black "incredible"]
[Result "1/2-1/2"]
[ECO "B12"]
[WhiteElo "2561"]
[BlackElo "2502"]
[WhiteEngine "stockfish_x64_bmi2_2018_01_01_CTG"]
[BlackEngine "stockfish_18010422_x64_bmi2"]
[EventType "Swiss"]
[WhiteTeam ""]
[BlackTeam ""]
[PlyCount "98"]
[TimeControl "180+1"]

1. e4 c6 2. d4 d5 3. e5 Bf5 4. Nf3 e6 5. c3 Nd7 6. Be2 c5 7. O-O cxd4 
8. Nxd4 Bg6 9. Bf4 Ne7 10. Na3 Nc6 11. c4 Bc5 12. Nab5 Nxd4 13. Nxd4 dxc4 
14. Rc1 Nb6 15. Be3 Bxd4 16. Qxd4 O-O 17. Rfd1 Bd3 18. Bxd3 cxd3 19. Qxd3 Qxd3 
20. Rxd3 Nd5 21. Kf1 Rac8 22. Rdd1 h5 23. Ke2 Kh7 24. h3 Kg6 25. g3 a5 26. g4 a4 
27. Bd2 f5 28. exf6 gxf6 29. Rg1 Rfd8 30. Rxc8 Rxc8 31. Rc1 Rxc1 32. Bxc1 hxg4 
33. hxg4 Nb4 34. a3 Nc6 35. Bd2 Ne5 36. f3 Nc4 37. Bc3 e5 38. Kd3 b5 39. Ke4 Kg5 
40. Kd5 Kf4 41. Ke6 Kxf3 42. Kxf6 Kxg4 43. Bxe5 Kf3 44. Bc3 Ke3 45. Ke6 b4 
46. Bxb4 Nxb2 47. Kd5 Kf3 48. Be1 Nd1 49. Bd2 Nb2 1/2-1/2

[Event "Wednesday Night Engine Tour 13 Rd Swiss 3m+1s Starts at 2200hrs ST"]
[Site "Infinity Chess"]
[Date "2018.1.10"]
[Round "4"]
[White "Vimtiroba"]
[Black "xeonrocks"]
[Result "1/2-1/2"]
[ECO "C53"]
[WhiteElo "2509"]
[BlackElo "2609"]
[WhiteEngine "Asmfish@ Seahorse_CTG"]
[BlackEngine "asmFishW_CTG"]
[EventType "Swiss"]
[WhiteTeam ""]
[BlackTeam ""]
[PlyCount "143"]
[TimeControl "180+1"]

1. e4 e5 2. Nf3 Nc6 3. Bc4 Bc5 4. c3 Nf6 5. d3 d6 6. O-O O-O 7. h3 a5 8. Nbd2 h6 
9. Re1 Be6 10. Bb5 Qb8 11. Nf1 Qa7 12. Be3 Bxe3 13. Nxe3 Ne7 14. Bc4 Bxc4 
15. Nxc4 Ng6 16. Ne3 a4 17. Nh2 Nf4 18. g3 Ne6 19. Qe2 Qc5 20. Rac1 Rad8 
21. h4 g6 22. b4 axb3 23. axb3 Qb5 24. b4 h5 25. Nf3 Rfe8 26. Ra1 Ra8 
27. Qd2 Qd7 28. Ra2 Rxa2 29. Qxa2 Kg7 30. Ra1 c5 31. Qd2 cxb4 32. cxb4 Qc6 
33. Kg2 Rc8 34. Ra7 Ng4 35. Nd5 Qc1 36. Qxc1 Rxc1 37. Nh2 Rb1 38. Nxg4 hxg4 
39. Rxb7 Nc5 40. Ra7 Nxd3 41. Nc7 Ne1+ 42. Kf1 Nf3+ 43. Ke2 Nd4+ 44. Kd3 Nc6 
45. Rb7 Nxb4+ 46. Ke2 Rb2+ 47. Kd1 Nd3 48. Rxb2 Nxb2+ 49. Kc2 Na4 50. Ne8+ Kf8 
51. Nxd6 Nc5 52. Kd2 Ke7 53. Nc4 Nd7 54. Ne3 Nf6 55. Kd3 Ke6 56. Nc4 Nd7 
57. Ke3 Nc5 58. Nb6 f6 59. Nc4 Kd7 60. Na5 Ke6 61. Nc4 f5 62. exf5+ gxf5 
63. Nb6 Kf6 64. Nd5+ Kf7 65. f3 gxf3 66. Kxf3 Kg6 67. g4 e4+ 68. Kg3 fxg4 
69. Kxg4 Nd7 70. Kh3 Ne5 71. Nf4+ Kf6 72. Kg3 1/2-1/2

[Event "Wednesday Night Engine Tour 13 Rd Swiss 3m+1s Starts at 2200hrs ST"]
[Site "Infinity Chess"]
[Date "2018.1.10"]
[Round "3"]
[White "koalachess"]
[Black "Dovahkiin"]
[Result "1/2-1/2"]
[ECO "B22"]
[WhiteElo "2314"]
[BlackElo "2437"]
[WhiteEngine "asmFishW_2017-11-19_popcnt_CTG"]
[BlackEngine "BrainFish_180106_x64_modern_CTG"]
[EventType "Swiss"]
[WhiteTeam ""]
[BlackTeam ""]
[PlyCount "61"]
[TimeControl "180+1"]

1. e4 c5 2. c3 Nf6 3. e5 Nd5 4. Nf3 Nc6 5. d4 cxd4 6. cxd4 d6 7. Bc4 Nb6 
8. Bb5 dxe5 9. Nxe5 Bd7 10. Nxd7 Qxd7 11. Nc3 e6 12. O-O Bd6 13. Be3 O-O 
14. Rc1 Rac8 15. a3 Be7 16. Qb3 Qd6 17. Ne4 Qb8 18. g3 Qa8 19. Rfd1 Na5 
20. Qa2 Rxc1 21. Rxc1 Rc8 22. Nc5 Nd5 23. Qb1 Bf6 24. Nd7 Rxc1+ 25. Qxc1 Nc6 
26. Nxf6+ Nxf6 27. Qc5 Ne4 28. Qc2 Nf6 29. Qc5 Ne4 30. Qc2 Nf6 31. Qc5 1/2-1/2

[Event "Wednesday Night Engine Tour 13 Rd Swiss 3m+1s Starts at 2200hrs ST"]
[Site "Infinity Chess"]
[Date "2018.1.10"]
[Round "3"]
[White "CrossingJordan"]
[Black "MiKachomiKa QueeN"]
[Result "1/2-1/2"]
[ECO "C50"]
[WhiteElo "2482"]
[BlackElo "2473"]
[WhiteEngine "asmFishW_2017-12-20_bmi2_CTG"]
[BlackEngine "stockfish_18010422_x64_modern_CTG"]
[EventType "Swiss"]
[WhiteTeam ""]
[BlackTeam ""]
[PlyCount "104"]
[TimeControl "180+1"]

1. e4 e5 2. Nf3 Nc6 3. Bc4 Bc5 4. O-O Nf6 5. d3 d6 6. c3 O-O 7. Re1 a5 
8. Nbd2 Be6 9. Bb5 Ba7 10. Nf1 Ne7 11. d4 Ng6 12. Ng3 c6 13. Bf1 exd4 
14. cxd4 d5 15. e5 Ne4 16. Be3 f5 17. exf6 Qxf6 18. Qc2 Nh4 19. Ne5 Nf5 
20. Nxf5 Bxf5 21. Rad1 c5 22. Qb3 cxd4 23. Qxd5+ Be6 24. Qxe4 dxe3 25. fxe3 Kh8 
26. Bd3 Bg8 27. Nd7 Qf2+ 28. Kh1 Rfe8 29. Qxb7 Bxe3 30. Ne5 Qf4 31. Qe4 Qxe5 
32. Rxe3 Qh5 33. Qf3 Qxf3 34. Rxf3 Bxa2 35. Kg1 g6 36. Ra1 Bd5 37. Rf4 Bb3 
38. Bc4 Reb8 39. Bxb3 Rxb3 40. Rfa4 Rxb2 41. Rxa5 Rxa5 42. Rxa5 Kg7 43. Ra7+ Kh6 
44. Ra3 Rb1+ 45. Kf2 Rb2+ 46. Kg3 Rb5 47. h3 Kh5 48. h4 g5 49. hxg5 Kxg5 
50. Kh3 h6 51. Rg3+ Kh5 52. Ra3 Kg5 1/2-1/2

[Event "Wednesday Night Engine Tour 13 Rd Swiss 3m+1s Starts at 2200hrs ST"]
[Site "Infinity Chess"]
[Date "2018.1.10"]
[Round "3"]
[White "MGR"]
[Black "RonWeasley"]
[Result "1/2-1/2"]
[ECO "E20"]
[WhiteElo "2503"]
[BlackElo "2477"]
[WhiteEngine "asmFishW_2017-11-19_bmi2"]
[BlackEngine "BrainFish 060118_CTG"]
[EventType "Swiss"]
[WhiteTeam ""]
[BlackTeam ""]
[PlyCount "144"]
[TimeControl "180+1"]

1. d4 Nf6 2. c4 e6 3. Nc3 d5 4. cxd5 exd5 5. Bg5 c6 6. e3 h6 7. Bh4 Be7 
8. Qc2 O-O 9. Bd3 Re8 10. Nge2 Nbd7 11. O-O Nf8 12. Rab1 a5 13. h3 Nh5 
14. Bxe7 Qxe7 15. Na4 Qd8 16. Qb3 Qh4 17. Qc2 Qg5 18. Kh1 Qd8 19. b4 axb4 
20. Rxb4 Nd7 21. Rfb1 g6 22. Nb6 Nxb6 23. Rxb6 Ra3 24. R1b3 Ra8 25. Rb2 Qc7 
26. a4 Ra7 27. R6b4 Kg7 28. Kg1 Qe7 29. Rb1 Nf6 30. R4b2 h5 31. Ra1 Qc7 
32. Nf4 g5 33. Ne2 h4 34. Qd2 Qa5 35. Nc3 Qd8 36. Re1 Nh5 37. Bc2 f5 38. Ne2 Nf6 
39. Nc1 Ne4 40. Qd1 Nc3 41. Qd2 Ne4 42. Qe2 Nc3 43. Qf1 Ra8 44. Nd3 Nxa4 
45. Rb3 Nb6 46. Ne5 Nd7 47. Bxf5 Nxe5 48. Bxc8 Qxc8 49. dxe5 b5 50. Rc1 Qe6 
51. Rbc3 Rec8 52. e4 b4 53. exd5 cxd5 54. Rc7+ Kh6 55. Rb7 Rab8 56. Ra7 Rxc1 
57. Qxc1 Re8 58. Qc7 Qg6 59. Rb7 Qb1+ 60. Kh2 Qf5 61. Qg7+ Kh5 62. Rxb4 Qxe5+ 
63. Qxe5 Rxe5 64. f4 gxf4 65. Rxf4 Kg5 66. Rg4+ Kh5 67. Rd4 Kg5 68. Rg4+ Kh5 
69. g3 Re4 70. gxh4 Rxg4 71. hxg4+ Kxh4 72. g5 Kxg5 1/2-1/2